AoeStats
← 平民老百姓

Arena

504883658Analyzed
4v4 RM · 26d ago on Sep 6, 2026· 39m 56s· 8 players
Game mode
Random Map
Map size
Large (8 player)
Population
200
Speed
Normal
Resources
Standard
Victory
Conquest
Starting age
Dark Age
Ending age
Imperial Age
RankedLock teamsTeams togetherTeam positionsShared explorationLock speedFull tech treeHidden civsTurbo modeCheats
Victory
Defeat
🇲🇽 Poles · Mexico
1400
+12
🇹🇼 Spanish · Taiwan
1245
+19
🇨🇭 Vikings · Switzerland
1238
+19
🇵🇾 Britons · Paraguay
1193
+20
🇨🇱 Cumans · Chile
1338
-19
🇺🇸 Teutons · United States
1313
-18
🇦🇷 Vietnamese · Argentina
1298
-17
🇬🇧 Slavs · United Kingdom
1265
-16
mikeymazko
11:07 Feudal Age
15:05 Castle Age
13:32 Double-Bit Axe
14:01 Horse Collar
16:13 Bow Saw
17:06 Wheelbarrow
18:42 Heavy Plow
19:55 Fletching
20:37 Loom
21:51 Bodkin Arrow
25:37 Guard Tower
26:02 Stone Mining
26:04 Gold Mining
28:40 Ballistics
34:47 Imperial Age
34:56 Imperial Age
32:43 Masonry
33:45 Hand Cart
35:06 Stone Shaft Mining
35:43 Scale Mail Armor
35:57 Siege Engineers
36:09 Forging
37:16 Chain Mail Armor
GhosTSnihsa
11:37 Feudal Age
15:21 Castle Age
13:33 Double-Bit Axe
14:08 Horse Collar
16:49 Bow Saw
16:58 Loom
24:04 Wheelbarrow
23:53 Heavy Plow
24:33 Gold Mining
25:19 Stone Mining
25:31 Fletching
26:26 Town Watch
27:16 Hand Cart
27:14 Bodkin Arrow
31:07 Imperial Age
29:11 Padded Archer Armor
29:19 Chatras
29:33 Forging
29:28 Scale Barding Armor
30:55 Leather Archer Armor
31:20 Iron Casting
31:08 Elite Rattan Archer
32:11 Ballistics
33:48 Paper Money
33:29 Bracer
34:00 Ring Archer Armor
36:13 Chemistry
38:14 Thumb Ring
38:00 Elite Skirmisher
Chianti | AwE
11:03 Feudal Age
12:20 Wheelbarrow
14:50 Castle Age
12:53 Double-Bit Axe
13:11 Horse Collar
14:19 Loom
15:51 Bow Saw
15:42 Heavy Plow
18:56 Stone Mining
21:04 Hand Cart
26:49 Forging
26:39 Scale Mail Armor
30:08 Imperial Age
27:28 Pikeman
28:09 Squires
28:34 Chain Mail Armor
29:02 Iron Casting
29:50 Man-at-Arms
30:50 Druzhina
30:14 Capped Ram
32:16 Crop Rotation
33:00 Two-Man Saw
33:31 Plate Mail Armor
34:02 Blast Furnace
34:27 Blast Furnace
33:26 Halberdier
34:44 Onager
[Tumbis] The Fujur
8:50 Feudal Age
18:59 Loom
21:54 Castle Age
21:16 Forging
21:13 Scale Barding Armor
21:21 Bloodlines
21:04 Double-Bit Axe
22:49 Light Cavalry
27:11 Wheelbarrow
26:18 Horse Collar
27:41 Gold Mining
27:53 Heavy Plow
29:11 Chain Barding Armor
29:26 Iron Casting
29:21 Bow Saw
29:52 Gold Shaft Mining
30:47 Hand Cart
30:26 Stone Mining
30:56 Town Watch
35:18 Imperial Age
33:27 Steppe Husbandry
35:34 Town Patrol
36:12 Iron Casting
35:35 Elite Steppe Lancer
37:03 Plate Barding Armor
37:33 Crop Rotation
40:30 Blast Furnace
Ux'Serenata
11:17 Feudal Age
16:56 Castle Age
15:01 Double-Bit Axe
15:26 Horse Collar
17:58 Bow Saw
22:14 Wheelbarrow
23:10 Heavy Plow
28:10 Imperial Age
25:58 Forging
25:55 Scale Barding Armor
26:06 Szlachta Privileges
26:29 Gold Mining
27:28 Iron Casting
27:32 Hand Cart
27:02 Town Watch
27:39 Husbandry
28:14 Chain Barding Armor
28:19 Bloodlines
28:41 Cavalier
30:37 Crop Rotation
33:04 Blast Furnace
33:04 Stone Mining
35:15 Ballistics
34:26 Light Cavalry
34:58 Capped Ram
36:20 Siege Ram
Lecter-
1:51 Loom
11:17 Feudal Age
11:48 Double-Bit Axe
11:45 Horse Collar
11:58 Gold Mining
12:36 Stone Mining
19:23 Castle Age
18:11 Forging
18:33 Scale Mail Armor
20:24 Bow Saw
20:17 Heavy Plow
21:13 Gold Shaft Mining
22:39 Arson
32:27 Imperial Age
29:53 Man-at-Arms
30:51 Chain Mail Armor
31:08 Chieftains
31:04 Long Swordsman
31:45 Squires
31:32 Gambesons
32:26 Iron Casting
32:32 Two-Handed Swordsman
33:45 Plate Mail Armor
33:37 Conscription
34:43 Blast Furnace
33:40 Champion
AOE2 Gabrivet7
10:49 Feudal Age
11:39 Double-Bit Axe
12:45 Horse Collar
16:22 Castle Age
15:53 Fletching
17:27 Wheelbarrow
17:36 Bow Saw
17:28 Heavy Plow
18:06 Loom
21:36 Crossbowman
23:06 Bodkin Arrow
30:26 Imperial Age
29:18 Ballistics
29:31 Hand Cart
29:12 Gold Mining
29:13 Stone Mining
29:45 Padded Archer Armor
31:12 Leather Archer Armor
30:49 Arbalester
32:15 Bracer
34:06 Chemistry
35:01 Ring Archer Armor
35:27 Yeomen
35:28 Conscription
40:27 Two-Man Saw
40:54 Hoardings
平民老百姓
2:03 Loom
11:04 Feudal Age
16:33 Castle Age
14:30 Horse Collar
15:43 Stone Mining
17:19 Double-Bit Axe
19:20 Heavy Plow
24:23 Padded Archer Armor
24:13 Fletching
30:32 Imperial Age
30:03 Bow Saw
29:45 Gold Mining
30:13 Leather Archer Armor
30:21 Bodkin Arrow
35:33 Wheelbarrow
35:36 Ring Archer Armor
35:18 Forging
35:09 Scale Mail Armor
36:14 Stone Shaft Mining
36:01 Husbandry
36:11 Bloodlines
36:01 Husbandry
37:19 Pikeman
37:59 Squires
38:59 Bloodlines
38:44 Halberdier
Connection lost

Rejoining the realm…

Still unreachable

The connection could not be restored.

Session expired

The server has moved on; the page needs a fresh start.